[ AOE2 MATCH · #506760312 ]
UnrankedPortuguese vs Britons
Player's team · WIN
Rival team · LOSS
[ REPLAY ANALYSIS · EXTRACTED FROM THE RECORDED GAME ]
Feudal
—
Castle
—
Imperial
—
| APM avg | 101.5 |
| APM peak | 146 |
| eAPM avg | 28.3 |
| Villagers / military | 27 / 3 |
Focus
⚔️ 27.5% · 🌾 72.5%
Militia ×3
Feudal
—
Castle
—
Imperial
—
| APM avg | 60.9 |
| APM peak | 79 |
| eAPM avg | 18.6 |
| Villagers / military | 16 / 0 |
Focus
⚔️ 27.6% · 🌾 72.4%
Match map
Initial resources + every placement click. Lines = walls · curves = elevation contours. ◆ gold · ⬟ stone · ● berries · ✦ relic · ◌ wall gap
Your base
El_Ti_Rex's base
Smoothed initial terrain · ◌ = detected wall gap · hover for details
Inputs per minute
— Gil-galad - - El_Ti_Rex
Build order — Gil-galad
40 actions detected in the replay
| 0:00 | Create | Villager (Male) |
| 0:00 | Create | Villager (Male) |
| 0:01 | Create | Villager (Male) |
| 0:02 | Build | House |
| 0:02 | Build | House |
| 0:04 | Create | Villager (Male) |
| 0:04 | Create | Villager (Male) |
| 1:25 | Create | Villager (Male) |
| 1:25 | Create | Villager (Male) |
| 1:25 | Create | Villager (Male) |
| 1:52 | Create | Villager (Male) |
| 1:55 | Build | Lumber Camp |
| 2:28 | Create | Villager (Male) |
| 2:28 | Create | Villager (Male) |
| 2:54 | Create | Villager (Male) |
| 2:55 | Create | Villager (Male) |
| 2:55 | Create | Villager (Male) |
| 3:41 | Create | Villager (Male) |
| 3:41 | Create | Villager (Male) |
| 3:48 | Build | House |
| 4:06 | Create | Villager (Male) |
| 4:06 | Create | Villager (Male) |
| 4:06 | Create | Villager (Male) |
| 4:22 | Build | Barracks |
| 4:25 | Create | Villager (Male) |
| 4:25 | Create | Villager (Male) |
| 4:41 | Build | House |
| 4:55 | Create | Villager (Male) |
| 5:06 | Build | Palisade Wall |
| 5:13 | Create | Villager (Male) |
| 5:17 | Create | Militia |
| 5:29 | Create | Militia |
| 5:40 | Create | Villager (Male) |
| 5:59 | Create | Militia |
| 6:09 | Build | Mill |
| 6:16 | Create | Villager (Male) |
| 6:41 | Create | Villager (Male) |
| 6:45 | Build | House |
| 7:30 | Create | Villager (Male) |
| 7:31 | Research | Loom |
Build order — El_Ti_Rex
28 actions detected in the replay
| 0:00 | Create | Villager (Male) |
| 0:02 | Build | House |
| 0:03 | Build | House |
| 0:11 | Create | Villager (Male) |
| 0:21 | Create | Villager (Male) |
| 0:29 | Create | Villager (Male) |
| 1:20 | Create | Villager (Male) |
| 1:58 | Create | Villager (Male) |
| 1:59 | Build | Lumber Camp |
| 2:09 | Build | House |
| 2:17 | Create | Villager (Male) |
| 2:42 | Create | Villager (Male) |
| 3:06 | Create | Villager (Male) |
| 3:17 | Create | Villager (Male) |
| 3:26 | Create | Villager (Male) |
| 4:14 | Create | Villager (Male) |
| 4:32 | Create | Villager (Male) |
| 5:03 | Build | Mill |
| 5:12 | Create | Villager (Male) |
| 5:24 | Create | Villager (Male) |
| 6:06 | Research | Feudal Age |
| 6:37 | Build | House |
| 7:14 | Build | Barracks |
| 7:21 | Research | Loom |
| 7:29 | Build | Palisade Wall |
| 7:31 | Build | Palisade Wall |
| 7:43 | Create | Villager (Male) |
| 7:48 | Build | Palisade Gate |
Match timeline
| 4:22 | Gil-galad · first_building Barracks |
| 5:06 | Gil-galad · wall_segment Palisade Wall x6 |
| 7:14 | El_Ti_Rex · first_building Barracks |
| 7:29 | El_Ti_Rex · wall_segment Palisade Wall x1 |
| 7:31 | El_Ti_Rex · wall_segment Palisade Wall x1 |
| 8:01 | El_Ti_Rex · resign |
[ AI ANALYSIS · 1 CREDIT ]
What really happened in this match?
Wolo.gg analyzes every decision: build order, eco, micro, common mistakes by bracket. Personalized analysis on WhatsApp or Discord in 30 seconds.
Civ guide
Portuguese
Perfil
Jugador #322559